 Dungeon Crawl Stone Soup version 0.20-a0-629-gc37eb77 (webtiles) character file.

49651 nubinia the Geomancer (level 14, -2/82 HPs)
             Began as a Gargoyle Earth Elementalist on Feb 9, 2017.
             Was a High Priest of Ashenzari.
             Slain by a red ugly thing (21 damage)
             ... on level 11 of the Dungeon on Feb 10, 2017.
             The game lasted 02:24:04 (25331 turns).

nubinia the Geomancer (GrEE)                       Turns: 25331, Time: 02:24:04

Health: -2/82      AC: 23    Str: 14    XL:     14   Next: 51%
Magic:  14/28      EV: 15    Int: 19    God:    Ashenzari [*****.]
Gold:   832        SH:  6    Dex: 10    Spells: 12/33 levels left

rFire    . . .     SeeInvis +   J - +3 whip (flame) (curse)
rCold    . . .     Gourm    .   k - +0 leather armour (curse)
rNeg     + . .     Faith    .   i - +0 buckler (curse)
rPois    ∞         Spirit   .   U - +1 helmet
rElec    +         Reflect  .   z - +2 cloak {MR+}
rCorr    +         Harm     .   (no gloves)
MR       ++...     Clarity  +   N - +0 pair of boots
Stlth    +++.......             x - amulet of magic regeneration
Regen    0.3/turn               V - +4 ring of protection (curse)
                                g - ring of resist corrosion (curse)

@: flying
A: big wings, negative energy resistance 1, electricity resistance, unbreathing,
petrification resistance, rot immunity, AC +9
a: Stop Flying, Curse Item, Scrying, Transfer Knowledge, Renounce Religion


You were on level 11 of the Dungeon.
You worshipped Ashenzari.
Ashenzari was extremely pleased with you.
You were not hungry.

You visited 3 branches of the dungeon, and saw 18 of its levels.

You collected 1027 gold pieces.
You spent 195 gold pieces at shops.

Inventory:

Hand Weapons
 J - a cursed +3 whip of flaming (weapon)
 X - the +8 whip "Snakebite" {curare, rPois}
   (You found it on level 2 of the Lair of Beasts)

   It poisons the flesh of those it strikes.
   It protects you from poison.
Missiles
 b - 205 stones (quivered)
Armour
 i - a cursed +0 buckler (worn)
 k - a cursed +0 leather armour (worn)
 z - a +2 cloak of magic resistance (worn)
 H - a +1 leather armour of fire resistance
 N - a +0 pair of boots (worn)
 U - a +1 helmet (worn)
 W - a cursed +2 pair of gloves of archery
Jewellery
 g - a cursed ring of resist corrosion (left hand)
 w - a +6 ring of protection
 x - an amulet of magic regeneration (around neck)
 V - a cursed +4 ring of protection (right hand)
Wands
 r - a wand of flame (17/48)
 s - a wand of lightning (1/15)
 G - a wand of iceblast (7/15)
 K - a wand of flame (29/48)
 L - a wand of lightning (6/15)
Scrolls
 a - a scroll of fog
 h - 3 scrolls of enchant armour
 j - a scroll of fear
 m - a scroll of recharging
 n - 5 scrolls of teleportation
 o - 4 scrolls of amnesia
 D - 2 scrolls of blinking
 M - a scroll of enchant weapon
 O - 2 scrolls of magic mapping
 P - 3 scrolls of identify
 Z - a scroll of remove curse
Potions
 f - a potion of cancellation
 l - a potion of ambrosia
 p - 2 potions of haste
 q - a potion of brilliance
 t - 8 potions of curing
 v - 2 potions of mutation
 B - 2 potions of flight
 E - a potion of resistance
 S - a potion of heal wounds
 T - a potion of agility
Books
 e - a book of Geomancy

   Spells                             Type                      Level
   a - Sandblast                      Earth                        1
   b - Passwall                       Transmutation/Earth          2
   c - Stone Arrow                    Conjuration/Earth            3
   d - Petrify                        Transmutation/Earth          4
   e - Lee's Rapid Deconstruction     Earth                        5
 y - a book of Cantrips

   Spells                             Type                      Level
   a - Confusing Touch                Hexes                        1
   b - Animate Skeleton               Necromancy                   1
   c - Summon Small Mammal            Summoning                    1
   d - Apportation                    Translocation                1
 C - a book of Callings

   Spells                             Type                      Level
   a - Summon Small Mammal            Summoning                    1
   b - Call Imp                       Summoning                    2
   c - Call Canine Familiar           Summoning                    3
   d - Summon Guardian Golem          Hexes/Summoning              3
   e - Summon Lightning Spire         Summoning/Air                4
   f - Summon Ice Beast               Ice/Summoning                4
 F - a book of Air

   Spells                             Type                      Level
   a - Shock                          Conjuration/Air              1
   b - Swiftness                      Charms/Air                   2
   c - Static Discharge               Conjuration/Air              3
   d - Airstrike                      Air                          4
   e - Lightning Bolt                 Conjuration/Air              5
 Q - a book of Debilitation

   Spells                             Type                      Level
   a - Corona                         Hexes                        1
   b - Slow                           Hexes                        2
   c - Gell's Gravitas                Hexes/Translocation          3
   d - Inner Flame                    Hexes/Fire                   3
   e - Cause Fear                     Hexes                        4
   f - Leda's Liquefaction            Hexes/Earth                  4
 Y - a book of the Earth

   Spells                             Type                      Level
   a - Leda's Liquefaction            Hexes/Earth                  4
   b - Bolt of Magma                  Conjuration/Fire/Earth       5
   c - Statue Form                    Transmutation/Earth          6
   d - Iron Shot                      Conjuration/Earth            6
   e - Shatter                        Earth                        9
Comestibles
 c - 12 fruits
 d - 9 bread rations
 u - 10 meat rations
 A - 19 royal jellies


   Skills:
 + Level 7.3 Fighting
 + Level 10.6(14.3) Maces & Flails
 + Level 5.0 Armour
 + Level 7.6 Dodging
 + Level 7.7 Stealth
 + Level 6.5(9.2) Shields
 + Level 0.2 Unarmed Combat
 + Level 10.4 Spellcasting
 + Level 8.9(11.5) Conjurations
 - Level 1.0(2.5) Necromancy
 - Level 0.7(2.0) Transmutations
 + Level 12.8(15.1) Earth Magic
 + Level 1.2(2.9) Evocations


You had 12 spell levels left.
You knew the following spells:

 Your Spells              Type           Power        Failure   Level  Hunger
a - Sandblast             Erth           ######       1%          1    None
b - Stone Arrow           Conj/Erth      ######       1%          3    None
c - Petrify               Tmut/Erth      #####...     2%          4    ##.....
d - Bolt of Magma         Conj/Fire/Erth #####.....   8%          5    #####..
l - Lee's Rapid Deconstr  Erth           ######....   1%          5    #####..
p - Passwall              Tmut/Erth      #####.....   1%          2    None
S - Animate Skeleton      Necr           N/A          3%          1    None


Dungeon Overview and Level Annotations

Branches:
Dungeon (11/15)            Temple (1/1) D:4            Lair (6/6) D:11
 Shoals (0/4) Lair:4        Snake (0/4) Lair:3        Slime (0/5) Lair:6
    Orc: D:9-12

Altars:
Ashenzari
Cheibriados
Dithmenos
Elyvilon
Fedhas
Gozag
Hepliaklqana
Kikubaaqudgha
Makhleb
Nemelex Xobeh
Okawaru
Qazlal
Ru
Sif Muna
Trog
Uskayaw
Vehumet
Xom
Yredelemnul
Zin
The Shining One
Jiyva

Shops:
D:9 [

Annotations:
D:3 exclusion: ice beast
D:7 Amnesiac's ghost, novice MiHu


Innate Abilities, Weirdness & Mutations

You are resistant to torment.
Your stone body is resilient. (AC +9)
You are immune to poison.
Your large and strong wings let you fly indefinitely.
You resist negative energy. (rN+)
You are resistant to electric shocks. (rElec)
You can survive without breathing.
You are immune to petrification.
You are immune to rotting.


Message History

Aiming: Stone Arrow
Press: ? - help, Shift-Dir - straight line, f/p - red ugly thing
Aim: a red ugly thing (heavily wounded)
The stone arrow hits the red ugly thing.
The red ugly thing is severely wounded.
The red ugly thing pecks you.
You are engulfed in flames!!
Unknown command.
Unknown command.
Unknown command.
Casting: Stone Arrow
Confirm with . or Enter, or press ? or * to list all spells.
Aiming: Stone Arrow
Press: ? - help, Shift-Dir - straight line, f/p - red ugly thing
Aim: a red ugly thing (severely wounded)
The stone arrow hits the red ugly thing.
The red ugly thing is almost dead.
The red ugly thing pecks you!
* * * LOW HITPOINT WARNING * * *
You are engulfed in flames!!
You die...

### *### * *#.., , ..#
, #.#** #.# #.# ..#
#.# *+.#*#.# #.# #≈#
#.# #u# ##
#≈###.#######@#
.#*#≈#...........#####
##*+.#.#.########....#
*#.#.#..........##.#
####...############
.............., , *
####...####### #...#
#...#


You could see a red ugly thing.

Vanquished Creatures
  A hydra (Lair:6)
  2 two-headed ogres (D:9)
  6 death yaks
  A fire crab (Lair:4)
  An unseen horror (D:11)
  A sea snake (Lair:4)
  An ugly thing (D:11)
  The ghost of anet the Magician, a novice DEWz of Ashenzari (D:8)
  3 oklob plants (Lair:4)
  A cyclops (D:11)
  2 elephants (Lair:6)
  5 black mambas
  6 spiny frogs
  A kobold demonologist (D:11)
  2 rime drakes
  3 komodo dragons
  2 queen bees
  8 polar bears
  3 meliai (Lair:6)
  A troll (D:9)
  8 hippogriffs
  A snapping turtle (Lair:4)
  7 blink frogs
  6 dream sheep
  2 raiju (Lair:6)
  2 spriggans (Lair:5)
  A wyvern (Lair:2)
  A basilisk (Lair:6)
  36 yaks
  Grum (D:10)
  A hungry ghost (D:8)
  2 wargs (Lair:6)
  6 nagas (Lair:3)
  Edmund (D:6)
  17 water moccasins
  9 hell hounds (Lair:6)
  9 porcupines
  2 ice beasts
  6 orc warriors
  12 black bears
  2 sky beasts
  A necrophage (D:10)
  6 ogres
  6 phantoms
  24 wolves
  7 crocodiles
  5 centaurs
  A big kobold (D:11)
  21 bullfrogs
  A wyvern zombie (D:11)
  3 wights (D:9)
  32 killer bees
  A scorpion (D:7)
  An electric eel (Lair:4)
  2 howler monkeys (D:11)
  4 crimson imps
  2 bullfrog zombies
  3 jellies
  7 orc priests
  6 hounds
  A bullfrog skeleton (D:11)
  17 orc wizards
  3 centaur skeletons
  2 gnoll shamans
  7 worker ants
  3 iguanas
  7 hell rats (Lair:6)
  A hound skeleton (D:7)
  2 worker ant zombies
  6 gnolls
  21 adders
  2 howler monkey skeletons
  3 shadow imps
  An ooze (D:7)
  2 adder skeletons
  2 dart slugs (D:1)
  6 leopard geckos
  52 orcs
  2 ball pythons
  6 giant cockroaches
  7 goblins
  6 hobgoblins
  13 jackals
  13 kobolds
  4 quokkas
  14 bats
  9 frilled lizards
  A jackal skeleton (D:4)
  A quokka skeleton (D:6)
  7 rats
  2 plants (Lair:4)
539 creatures vanquished.

Vanquished Creatures (collateral kills)
  A two-headed ogre (D:11)
  A wolf spider (Lair:6)
  4 elephants
  A black mamba (Lair:3)
  4 spiny frogs
  A rime drake (Lair:5)
  2 komodo dragons
  3 polar bears
  A raiju (Lair:6)
  2 hippogriffs
  2 blink frogs (Lair:3)
  A spriggan (Lair:5)
  A naga (Lair:3)
  2 wargs (Lair:6)
  4 water moccasins
  5 hell hounds (Lair:6)
  3 black bears (Lair:6)
  A phantom (D:11)
  2 crocodiles
  4 wolves
  A big kobold (D:11)
  A bullfrog (Lair:3)
  An adder (Lair:2)
  3 orcs (D:11)
  A fungus (Lair:3)
  4 plants
56 creatures vanquished.

Vanquished Creatures (others)
  7 fungi
  16 plants
23 creatures vanquished.

Grand Total: 618 creatures vanquished

Notes
Turn   | Place    | Note
-------+----------+-------------------------------------------
     0 | D:1      | nubinia the Gargoyle Earth Elementalist began the quest for the Orb.
     0 | D:1      | Reached XP level 1. HP: 10/10 MP: 3/3
   223 | D:1      | Reached XP level 2. HP: 15/15 MP: 0/5
   276 | D:1      | Learned a level 2 spell: Passwall
   321 | D:1      | Reached skill level 4 in Earth Magic
   619 | D:1      | Reached XP level 3. HP: 19/19 MP: 3/6
   653 | D:1      | Learned a level 3 spell: Stone Arrow
  1988 | D:3      | Reached XP level 4. HP: 23/24 MP: 3/7
  3181 | D:2      | Reached skill level 1 in Conjurations
  3534 | D:3      | Reached skill level 5 in Earth Magic
  3560 | D:3      | Noticed an ice beast
  3621 | D:2      | Reached skill level 1 in Armour
  4019 | D:3      | Reached XP level 5. HP: 28/28 MP: 8/8
  4466 | D:3      | Reached skill level 1 in Maces & Flails
  4931 | D:4      | Noticed a phantom
  5168 | D:4      | Killed a phantom
  5168 | D:4      | Reached XP level 6. HP: 18/33 MP: 6/9
  5364 | D:4      | Reached skill level 1 in Fighting
  5515 | D:4      | Reached XP level 7. HP: 8/38 MP: 4/10
  6446 | D:4      | Found a staircase to the Ecumenical Temple.
  6455 | Temple   | Entered the Ecumenical Temple
  6482 | Temple   | Became a worshipper of Ashenzari the Shackled
  6849 | D:5      | Entered Level 5 of the Dungeon
  6953 | D:5      | Found a glowing silver altar of Zin.
  7047 | D:5      | Reached XP level 8. HP: 41/44 MP: 6/11
  7148 | D:5      | Reached skill level 6 in Earth Magic
  7294 | D:5      | Noticed a hippogriff
  7309 | D:5      | Killed a hippogriff
  8118 | D:6      | Reached * piety under Ashenzari
  8213 | D:6      | Reached skill level 5 in Conjurations
  8357 | D:6      | Noticed Edmund
  8371 | D:6      | Killed Edmund
  8371 | D:6      | Reached skill level 5 in Maces & Flails
  8791 | D:6      | Reached skill level 1 in Shields
  8791 | D:6      | Reached XP level 9. HP: 51/51 MP: 5/12
  9509 | D:7      | Noticed Amnesiac's ghost (novice MiHu)
 10067 | D:6      | Reached skill level 7 in Earth Magic
 10242 | D:6      | Upgraded the game from 0.20-a0-622-g01f5896 to 0.20-a0-629-gc37eb77
 10726 | D:8      | Noticed anet's ghost (novice DEWz)
 10766 | D:8      | Noticed a queen bee
 11062 | D:8      | Reached ** piety under Ashenzari
 11109 | D:8      | Reached XP level 10. HP: 52/56 MP: 13/13
 11178 | D:8      | Killed anet's ghost
 11935 | D:9      | Reached skill level 5 in Dodging
 12442 | D:9      | Reached skill level 8 in Earth Magic
 13126 | D:9      | Found Emid's Antique Armour Shop.
 13134 | D:9      | Bought a glowing helmet for 195 gold pieces
 13300 | D:9      | Noticed a two-headed ogre
 13306 | D:9      | Killed a two-headed ogre
 13306 | D:9      | Reached XP level 11. HP: 62/62 MP: 6/17
 13345 | D:9      | Noticed a two-headed ogre
 13352 | D:9      | Killed a two-headed ogre
 13352 | D:9      | Reached skill level 9 in Earth Magic
 13532 | D:10     | Entered Level 10 of the Dungeon
 13615 | D:10     | Reached *** piety under Ashenzari
 13714 | D:10     | Reached skill level 5 in Spellcasting
 13857 | D:10     | Noticed Grum
 13892 | D:10     | Killed Grum
 14780 | D:10     | Learned a level 5 spell: Lee's Rapid Deconstruction
 14782 | D:10     | Learned a level 1 spell: Animate Skeleton
 14950 | D:11     | Noticed an unseen horror
 14964 | D:11     | Killed an unseen horror
 14981 | D:11     | Found a staircase to the Lair.
 14985 | Lair:1   | Entered Level 1 of the Lair of Beasts
 15089 | Lair:1   | Reached skill level 5 in Stealth
 15130 | Lair:1   | Reached skill level 5 in Fighting
 16209 | Lair:2   | Reached skill level 10 in Earth Magic
 16326 | Lair:2   | Reached **** piety under Ashenzari
 16332 | Lair:2   | Reached XP level 12. HP: 66/68 MP: 8/21
 16579 | Lair:2   | Learned a level 4 spell: Petrify
 17554 | Lair:3   | Found a staircase to the Snake Pit.
 18071 | Lair:3   | Reached skill level 1 in Necromancy
 18989 | Lair:4   | Reached skill level 5 in Shields
 19134 | Lair:4   | Reached skill level 10 in Maces & Flails
 19134 | Lair:4   | Reached XP level 13. HP: 40/74 MP: 24/24
 19153 | Lair:4   | Found a staircase to the Shoals.
 19310 | Lair:4   | Reached skill level 11 in Earth Magic
 19664 | Lair:4   | Reached skill level 1 in Evocations
 20317 | Lair:5   | Reached ***** piety under Ashenzari
 21225 | Lair:6   | Entered Level 6 of the Lair of Beasts
 21328 | Lair:6   | Found a staircase to the Slime Pits.
 21328 | Lair:6   | Found a viscous altar of Jiyva.
 21537 | Lair:6   | Reached skill level 12 in Earth Magic
 22683 | Lair:5   | Gained mutation: Your large and strong wings let you fly indefinitely. [Gargoyle growth]
 22683 | Lair:5   | Reached XP level 14. HP: 62/80 MP: 23/27
 23575 | Lair:6   | Reached skill level 10 in Spellcasting
 24286 | Lair:6   | Reached skill level 5 in Armour
 25008 | D:11     | Learned a level 5 spell: Bolt of Magma
 25053 | D:11     | Found a bloodstained altar of Trog.
 25331 | D:11     | Slain by a red ugly thing

Vault maps used:
D:1:      dpeg_arrival_line_fractal, roderic_lattice_a
D:2:      wad_floor_pattern_untrapped
D:3:      first_bread
D:4:      temple_hall
D:5:      basic_altar
D:6:      hex_medium, hangedman_decor_lopped, uniq_edmund
D:8:      david_nohive_1
D:9:      serial_co_window_serial, co_window_of_opportunity_a,
          co_window_corner_a, co_window_paths_a, co_window_of_opportunity_a,
          co_window_corner_a, co_window_paths_a, co_window_paths_a,
          co_window_broadway_c, co_window_of_opportunity_b,
          co_window_unsneaky_path_a, co_window_broadway_c, co_window_corner_cb,
          co_window_paths_c, glass_columns_b, serial_shops, nicolae_shop_trees
D:10:     uniq_grum
D:11:     lair_entry_dummy, basic_altar, corexii_corridor_pit,
          nicolae_lava_and_water
Temple:   compressed_dpeg_triangle_lava_temple
Lair:1:   grunt_megastairs_4
Lair:2:   minmay_guarded_unrand_snakebite, grunt_megastairs_3
Lair:3:   minmay_snake_entry_guardpost_large, lemuel_fruit_tree,
          grunt_megastairs_5
Lair:4:   minmay_shoals_entry_hut, minmay_lair_oklob_chamber
Lair:5:   wad_woods_settlement
Lair:6:   hangedman_lair_caniforms_friends, slime_altar_1, special_room,
          st_stairs_3, infiniplex_staircase_pool

Skill      XL: |  1  2  3  4  5  6  7  8  9 10 11 12 13 14 |
---------------+-------------------------------------------+-----
Earth Magic    | 4 5 6 7 8 10 12 | 12.8
Conjurations   | 1 2 4 5 7 8 |  8.9
Armour         | 1 2 3 4 5 |  5.0
Dodging        | 2 3 4 5 6 7 |  7.6
Maces & Flails | 2 3 5 6 7 8 10 | 10.6
Fighting       | 1 2 3 4 5 6 7 |  7.3
Stealth        | 3 4 5 6 7 |  7.7
Shields        | 1 2 3 4 5 6 |  6.5
Spellcasting   | 4 6 7 9 10 | 10.4
Necromancy     | 1 |  1.0
Evocations     | 1 |  1.2
Unarmed Combat | |  0.2
Transmutations | |  0.7

Action                   |  1- 3 |  4- 6 |  7- 9 | 10-12 | 13-15 || total
-------------------------+-------+-------+-------+-------+-------++-------
Melee: Unarmed           |     5 |       |       |       |       ||     5
       Club              |    46 |    81 |       |       |       ||   127
       Morningstar       |       |   139 |   289 |       |       ||   428
       Whip              |       |       |   165 |   973 |   820 ||  1958
 Cast: Sandblast         |    45 |    46 |    57 |    93 |    50 ||   291
       Stone Arrow       |       |       |    34 |    92 |    88 ||   214
       Animate Skeleton  |       |       |       |    37 |    65 ||   102
       Lee's Rapid Decon |       |       |       |       |    49 ||    49
       Petrify           |       |       |       |       |    16 ||    16
       Passwall          |       |       |       |       |     1 ||     1
Invok: Curse Item        |       |       |       |     4 |       ||     4
 Abil: Fly               |       |       |       |       |     1 ||     1
Evoke: Wand              |       |       |       |     1 |    16 ||    17
  Use: Scroll            |     2 |       |     6 |    15 |     6 ||    29
       Potion            |       |       |     2 |     4 |     1 ||     7
 Stab: Sleeping          |       |     2 |     5 |    16 |     6 ||    29
       Distracted        |       |       |       |     4 |     7 ||    11
       Petrified         |       |       |       |       |    13 ||    13
       Petrifying        |       |       |       |       |     1 ||     1
  Eat: Chunk             |     4 |    13 |    22 |    29 |    28 ||    96
       Royal jelly       |       |       |       |     2 |       ||     2
       Fruit             |       |       |       |       |     7 ||     7
Armor: Robe              |    22 |       |       |       |       ||    22
       Leather armour    |    11 |   122 |   232 |   276 |   383 ||  1024
Dodge: Dodged            |    46 |   155 |   284 |   393 |   531 ||  1409
Block: Buckler           |     5 |    29 |    77 |   141 |   204 ||   456
